 Dungeon Crawl Stone Soup version 0.26.1-2-gb8aa6d0cf2 (webtiles) character file.

Game seed: 8192554513549244294

333 nightchill the Digger (level 6, -2/47 HPs)
             Began as a Formicid Earth Elementalist on Feb 11, 2021.
             Slain by an ogre
             ... wielding a +0 giant spiked club
              (5 damage)
             ... on level 4 of the Dungeon.
             The game lasted 00:13:00 (5719 turns).

nightchill the Digger (Formicid Earth Elementalist) Turns: 5719, Time: 00:13:00

Health: -2/47      AC:  3    Str: 14    XL:     6   Next: 83%
Magic:  11/11      EV: 11    Int: 15    God:
Gold:   197        SH:  5    Dex: 11    Spells: 9/12 levels left

rFire    + . .     SeeInvis +   a - +1 short sword (vamp)
rCold    + . .     Faith    .   i - +2 buckler
rNeg     . . .     Spirit   .   c - +0 robe
rPois    +         Reflect  .   (helmet unavailable)
rElec    +         Harm     .   B - +0 cloak
rCorr    +         Rampage  .   (no gloves)
Will     .....                  (no boots)
Stlth    +++.......             (no amulet)
HPRegen  0.15/turn              h - ring of stealth
MPRegen  0.12/turn              y - ring of teleportation (curse)

@: resistant
A: permanent stasis, dig shafts and tunnels, four strong arms, antennae 3
a: Dig, Shaft Self


You were on level 4 of the Dungeon.
You visited 1 branch of the dungeon, and saw 4 of its levels.

You collected 197 gold pieces.

Inventory:

Hand Weapons
 a - a +1 vampiric short sword (weapon)
 g - a +0 dagger
 q - a +0 club
 w - a +0 hand axe
 A - a +2 quarterstaff of chaos
Missiles
 b - 61 stones (quivered)
 d - 10 poisoned darts
Armour
 c - a +0 robe (worn)
 i - a +2 buckler (worn)
 B - a +0 cloak (worn)
Jewellery
 h - a ring of stealth (left hand)
 j - an uncursed ring of wizardry
 t - an uncursed ring of protection from cold
 y - a cursed ring of teleportation (right hand)
Scrolls
 e - a scroll of magic mapping {unknown}
 f - 2 scrolls of immolation {unknown}
 o - 2 scrolls of enchant armour {unknown}
 p - a scroll of random uselessness {unknown}
 r - a scroll of remove curse {unknown}
 u - a scroll of enchant weapon {unknown}
 v - a scroll of teleportation {unknown}
Potions
 l - a potion of lignification


   Skills:
 + Level 3.0 Fighting
 - Level 1.0 Axes
 * Level 1.0 Staves
 - Level 1.7 Dodging
 - Level 2.4 Stealth
 + Level 0.4 Shields
 + Level 3.7 Spellcasting
 - Level 1.1 Transmutations
 * Level 6.2 Earth Magic


You had 9 spell levels left.
You knew the following spells:

 Your Spells              Type           Power        Failure   Level
a - Sandblast             Erth           42%          2%          1
b - Passwall              Tmut/Erth      10%          10%         2

Your spell library contained the following spells:

 Spells                   Type           Power        Failure   Level
 Stone Arrow              Conj/Erth      24%          24%         3
 Petrify                  Tmut/Erth      13%          52%         4
 Lee's Rapid Deconstruct  Erth           10%          52%         5


Dungeon Overview and Level Annotations

Branches:
Dungeon (4/15)
 Temple: D:4-7

Altars:
Qazlal


Innate Abilities, Weirdness & Mutations

You cannot be hasted, slowed, berserked, paralysed or teleported.
You can dig through walls and to a lower floor.
Your four strong arms can wield two-handed weapons with a shield.
You have a pair of large antennae on your head. (SInv)


Message History

Your Fighting skill increases to level 3!
Your Staves skill increases to level 1!
You hit the ogre.
You feel better.
The ogre is lightly wounded.
The ogre hits you with a +0 giant spiked club!!
* * * LOW HITPOINT WARNING * * *
Okay, then.
You aren't carrying any items that you can evoke.
You hit the ogre.
You feel better.
The ogre is moderately wounded.
The ogre closely misses you.
You hit the ogre.
The ogre is moderately wounded.
You block the ogre's attack.
You hit the ogre but do no damage.
The ogre is moderately wounded.
You hit the ogre.
You feel better.
The ogre is heavily wounded.
The ogre hits you with a +0 giant spiked club.
You die...

.........{........
+###..............
#.....{........ .
#...o{o{....... .
#####W####.....
#....{..######
#........####
..........{{#O##
...........{#{#@#
...........######
............
####........#
##########


You could see an ogre.

Vanquished Creatures
  The ghost of arta456 the Conjurer, a weakling DECj (D:3)
  Crazy Yiuf (D:3)
  An orc priest (D:4)
  Natasha (thrice) (D:3 D:2)
  A worker ant (D:4)
  5 adders
  3 worms
  2 dart slugs
  2 leopard geckos (D:1)
  12 orcs
  10 giant cockroaches
  7 goblins
  7 hobgoblins
  3 jackals (D:1)
  5 kobolds
  A quokka (D:3)
  A ball python (D:3)
  5 bats
  2 frilled lizards
  A jackal skeleton (D:4)
  4 rats (D:3)
77 creatures vanquished.

Notes
Turn   | Place    | Note
-------+----------+-------------------------------------------
     0 | D:1      | nightchill the Formicid Earth Elementalist began the quest
                  | for the Orb.
     0 | D:1      | Reached XP level 1. HP: 13/13 MP: 3/3
   391 | D:1      | Reached XP level 2. HP: 14/20 MP: 5/5
   408 | D:1      | Reached skill level 4 in Earth Magic
   641 | D:1      | Reached skill level 1 in Fighting
   883 | D:1      | Learned a level 2 spell: Passwall
   913 | D:1      | Reached XP level 3. HP: 6/26 MP: 6/6
  2244 | D:2      | Reached XP level 4. HP: 19/32 MP: 6/8
  3280 | D:3      | Found a large runed translucent door.
  3299 | D:3      | Noticed Natasha
  3312 | D:2      | Reached skill level 5 in Earth Magic
  3456 | D:3      | Killed Natasha
  3457 | D:3      | Reached XP level 5. HP: 32/38 MP: 4/9
  3477 | D:3      | Noticed Natasha
  3517 | D:3      | Killed Natasha
  3520 | D:3      | Noticed Natasha
  3704 | D:2      | Killed Natasha
  4237 | D:3      | Found a large runed translucent door.
  4239 | D:3      | Noticed arta456's ghost (weakling DECj)
  4282 | D:3      | Reached XP level 6. HP: 24/46 MP: 11/11
  4637 | D:3      | Reached skill level 1 in Axes
  5042 | D:3      | Found a runed translucent door.
  5043 | D:3      | Noticed Crazy Yiuf
  5056 | D:3      | Killed Crazy Yiuf
  5057 | D:3      | Reached skill level 6 in Earth Magic
  5229 | D:3      | Killed arta456's ghost
  5598 | D:4      | Found a stormy altar of Qazlal.
  5621 | D:4      | Noticed a phantom
  5648 | D:4      | HP: 2/46 [orc priest/divine providence (9)]
  5654 | D:4      | Noticed an ogre
  5663 | D:4      | HP: 3/69 [poisoned by a worker ant]
  5715 | D:4      | Reached skill level 1 in Staves
  5715 | D:4      | HP: 1/47 [ogre/+0 giant spiked club (18)]
  5719 | D:4      | Slain by an ogre

Illustrated notes

Levels and vault maps discovered:
D:1:      lightli_arrival_flooded_house, layout_basic, minmay_worlds_worst_comb
D:2:      layout_loops_ring, st_stairs_8, hangedman_decor_opposing,
          minmay_strange_pillars, minivault_25, minmay_hedge_maze,
          grunt_ministairs_11
D:3:      layout_loops_cross, ebering_ghost_disaster_area, uniq_natasha,
          uniq_crazy_yiuf_cottage
D:4:      layout_gridville, old_standard_altar, doesnt_xom_only_xom,
          serial_bayou_lake_a

Skill      XL: |  1  2  3  4  5  6 |
---------------+-------------------+-----
Earth Magic    | 4 5 6 |  6.2
Fighting       | 1 2 3 |  3.0
Spellcasting   | 3 |  3.7
Axes           | 1 |  1.0
Staves         | 1 |  1.0
Dodging        | |  1.7
Stealth        | |  2.4
Shields        | |  0.4
Transmutations | |  1.1

Action                   |  1- 3 |  4- 6 || total
-------------------------+-------+-------++-------
Melee: Club              |    43 |       ||    43
       Unarmed           |     4 |       ||     4
       Dagger            |    91 |     8 ||    99
       Short sword       |       |   199 ||   199
       Quarterstaff      |       |     8 ||     8
Throw: Stone             |       |     1 ||     1
 Cast: Sandblast         |    13 |    17 ||    30
       Passwall          |     1 |       ||     1
 Abil: Dig               |       |     3 ||     3
  Use: Potion            |       |     6 ||     6
       Scroll            |       |     4 ||     4
 Stab: Sleeping          |     4 |     4 ||     8
Armor: Robe              |    38 |    41 ||    79
       Skin              |       |     6 ||     6
Dodge: Dodged            |   125 |   136 ||   261
Block: Buckler           |       |    11 ||    11
